 Dungeon Sprint DCSS version 0.22-a0-358-g7563fe7 (webtiles) character file.

9 KristoblXynda the Sneak (level 2, -3/13 HPs)
             Began as a Spriggan Enchanter on Apr 18, 2018.
             Killed from afar by an oklob sapling (16 damage)
             ... with a splash of acid
             ... in the Dungeon (Sprint IV: "Fedhas' Mad Dash").
             The game lasted 00:00:43 (106 turns).

KristoblXynda the Sneak (Spriggan Enchanter)         Turns: 106, Time: 00:00:43

Health: -3/13      AC:  2    Str:  4    XL:     2   Next: 6%
Magic:  6/7        EV: 18    Int: 16    God:
Gold:   0          SH:  0    Dex: 16    Spells: 5/8 levels left

rFire    . . .     SeeInvis +   a - +1 dagger
rCold    . . .     Gourm    .   (shield restricted)
rNeg     . . .     Faith    .   b - +0 robe
rPois    .         Spirit   .   (helmet restricted)
rElec    .         Reflect  .   (no cloak)
rCorr    .         Harm     .   (gloves unavailable)
MR       .....     NoTele   +   (boots unavailable)
Stlth    +++.......             (no amulet)
HPRegen  0.04/turn              (no ring)
MPRegen  0.10/turn              (no ring)

@: very quick
A: very small, unfitting armour, see invisible, herbivore, speed 3, slow
metabolism 2
a: no special abilities


You were in the Dungeon.
You were not hungry.

You visited 1 branch

Inventory:

Hand Weapons
 a - a +1 dagger (weapon)
Armour
 b - a +0 robe (worn)
Scrolls
 j - a scroll of blinking
Potions
 e - a potion of curing
 f - a potion of heal wounds
 g - a potion of haste
 h - 2 potions of magic
Comestibles
 d - 2 rations


   Skills:
 - Level 1.1 Short Blades
 - Level 3.0 Dodging
 + Level 5.8 Stealth
 + Level 3.9 Spellcasting
 + Level 4.6 Hexes


You had 5 spell levels left.
You knew the following spells:

 Your Spells              Type           Power        Failure   Level  Hunger
a - Corona                Hex            ###....      2%          1    None
b - Ensorcelled Hibernat  Hex/Ice        ##....       10%         2    ##.....


Dungeon Overview and Level Annotations

Branches:
Dungeon (1/1)

Altars:

Annotations:
D exclusion: oklob sapling


Innate Abilities, Weirdness & Mutations

You are very small and have problems with some larger weapons.
You are too small for most types of armour.
You have supernaturally acute eyesight. (SInv)
You are a herbivore.
You cover ground extremely quickly.
You need to consume almost no food.


Message History

You hit the oklob sapling.
The oklob sapling is heavily damaged.
You hit the oklob sapling but do no damage.
The oklob sapling is heavily damaged.
You hit the oklob sapling.
The oklob sapling is severely damaged.
The oklob sapling spits acid at you. The splash of acid misses you.
You hit the oklob sapling but do no damage.
The oklob sapling is severely damaged.
You hit the oklob sapling.
The oklob sapling is almost destroyed.
The oklob sapling spits acid at you. The splash of acid misses you.
You hit the oklob sapling but do no damage.
The oklob sapling is almost destroyed.
The oklob sapling spits acid at you. The splash of acid hits you!
Ouch! That really hurt!
You die...

##################
#<..P#.....#.$$$$#
#PP..'...†.@.#
#PPPP#.....#P#
##############


You could see an oklob sapling.

Vanquished Creatures
  A river rat (D)
  A rat (D)
2 creatures vanquished.

Notes
Turn   | Place    | Note
-------+----------+-------------------------------------------
     0 | D        | KristoblXynda the Spriggan Enchanter began the quest for the Orb.
     0 | D        | Reached XP level 1. HP: 9/9 MP: 5/5
    21 | D        | Reached skill level 5 in Stealth
    21 | D        | Reached XP level 2. HP: 13/13 MP: 5/7
    80 | D        | Noticed an oklob sapling
    86 | D        | Learned a level 2 spell: Ensorcelled Hibernation
   106 | D        | Killed from afar by an oklob sapling

Vault maps used:
D:        dungeon_sprint_fedhas

Skill      XL: |  1 |
---------------+----+-----
Stealth        | 5 |  5.8
Spellcasting   | 3 |  3.9
Hexes          | 4 |  4.6
Short Blades   | |  1.1
Dodging        | |  3.0

Action                   || total
-------------------------++-------
Melee: Dagger            ||    28
 Cast: Corona            ||     2
  Use: Potion            ||     1
Dodge: Dodged            ||    14

Table legend:
 A = Spawn XP
 B = Non-spawn XP
 C = Spawn XP percentage of total XP
 D = Spawn monster count
 E = Non-spawn monster count
 F = Spawn count percentage of total count
 G = Total turns spent on level
                    A         B        C        D         E        F      G
               +---------+---------+-------+---------+---------+-------+---------
         Total |       0 |      14 |   0.0 |       0 |       2 |   0.0 |   106
               +---------+---------+-------+---------+---------+-------+---------
             D |       0 |      14 |   0.0 |       0 |       2 |   0.0 |   106
               +---------+---------+-------+---------+---------+-------+---------
